AoeStats
← Xilex

Arabia

510030043Analyzed
2v2 RM · 2d ago on Sep 29, 2026· 71m 14s· 4 players
Game mode
Random Map
Map size
Medium (4 player)
Population
200
Speed
Normal
Resources
Standard
Victory
Conquest
Starting age
Dark Age
Ending age
Imperial Age
RankedLock teamsTeams togetherTeam positionsShared explorationLock speedFull tech treeHidden civsTurbo modeCheats
Victory
Defeat
🇲🇽 Franks · Mexico
1177
+19
🇺🇸 Shu · United States
1130
+21
🇺🇸 Hindustanis · United States
1269
-21
🇺🇸 Saxons · United States
1223
-19
aldoe3765
7:19 Loom
10:10 Feudal Age
10:12 Man-at-Arms
13:40 Double-Bit Axe
20:46 Wheelbarrow
19:57 Town Watch
22:40 Forging
22:30 Scale Mail Armor
25:35 Castle Age
24:12 Gold Mining
25:12 Scale Barding Armor
27:34 Iron Casting
31:07 Chain Barding Armor
35:10 Hand Cart
35:12 Bow Saw
36:58 Town Patrol
43:25 Imperial Age
41:21 Husbandry
42:19 Pikeman
42:59 Squires
42:45 Arson
43:23 Stone Mining
43:45 Cavalier
45:58 Plate Barding Armor
45:53 Fletching
46:14 Halberdier
48:06 Paladin
51:08 Conscription
56:35 Blast Furnace
55:50 Chain Mail Armor
55:31 Bodkin Arrow
56:37 Padded Archer Armor
56:25 Light Cavalry
72:36 Chemistry
71:57 Ballistics
Level 2 Slime
9:15 Loom
11:40 Feudal Age
12:47 Double-Bit Axe
14:02 Fletching
15:18 Padded Archer Armor
20:11 Castle Age
21:30 Bow Saw
23:26 Elite Skirmisher
24:44 Padded Archer Armor
24:40 Bodkin Arrow
25:56 Horse Collar
27:29 Leather Archer Armor
29:08 Ballistics
30:54 Wheelbarrow
31:02 Treadmill Crane
31:43 Thumb Ring
37:56 Hand Cart
37:27 Town Watch
44:13 Imperial Age
41:48 Heavy Plow
45:57 Bracer
47:59 Ring Archer Armor
46:56 Heavy Hei Guang Cavalry
47:36 Husbandry
50:29 Chemistry
49:35 Siege Engineers
50:35 Scale Barding Armor
50:40 Forging
56:34 Two-Man Saw
56:21 Conscription
56:31 Gold Mining
56:31 Stone Mining
57:09 Elite White Feather Guard
57:57 Squires
58:12 Pikeman
58:55 Scale Mail Armor
58:58 Crossbowman
59:58 Bolt Magazine
60:14 Guilds
61:12 Gold Shaft Mining
60:22 Arbalester
62:24 Light Cavalry
64:06 Hoardings
69:20 Town Patrol
Xilex
6:25 Loom
8:50 Feudal Age
9:06 Man-at-Arms
10:55 Arson
20:31 Castle Age
19:58 Double-Bit Axe
20:10 Gold Mining
20:58 Fletching
21:08 Padded Archer Armor
21:12 Crossbowman
24:20 Ballistics
27:29 Wheelbarrow
27:08 Bodkin Arrow
29:52 Hand Cart
31:56 Thumb Ring
33:24 Leather Archer Armor
33:01 Town Watch
38:33 Imperial Age
36:47 Bow Saw
37:00 Pikeman
37:26 Gambesons
37:42 Squires
37:44 Scale Mail Armor
37:54 Forging
39:42 Conscription
38:52 Arbalester
39:39 Bracer
39:22 Horse Collar
41:17 Ring Archer Armor
41:23 Iron Casting
41:04 Chain Mail Armor
41:07 Heavy Plow
42:09 Two-Man Saw
42:24 Chemistry
41:04 Treadmill Crane
41:45 Town Patrol
42:15 Shield Wall
43:38 Gold Shaft Mining
42:54 Stone Mining
44:37 Elite Hearth Troop
44:57 Halberdier
50:02 Coinage
52:40 Clerical Recruitment
57:20 Banking
58:21 Hoardings
62:27 Masonry
62:22 Siege Engineers
62:48 Plate Mail Armor
62:24 Scale Barding Armor
65:06 Chain Barding Armor
65:37 Elite Varangian Guard
Boleslaw
6:35 Loom
9:28 Feudal Age
12:57 Forging
14:16 Scale Barding Armor
15:10 Wheelbarrow
14:54 Double-Bit Axe
15:18 Horse Collar
18:54 Bloodlines
23:32 Castle Age
24:43 Husbandry
25:18 Town Watch
27:01 Gold Mining
27:23 Bow Saw
29:38 Chain Barding Armor
30:24 Hand Cart
37:19 Iron Casting
48:31 Imperial Age
49:49 Plate Barding Armor
49:07 Heavy Camel Rider
50:57 Blast Furnace
51:06 Imperial Camel Rider
54:53 Heavy Plow
57:12 Pikeman
57:52 Squires
57:54 Scale Mail Armor
59:25 Two-Man Saw
58:17 Arson
58:43 Siege Elephant
63:40 Chain Mail Armor
Connection lost

Rejoining the realm…

Still unreachable

The connection could not be restored.

Session expired

The server has moved on; the page needs a fresh start.